 Dungeon Crawl Stone Soup version 0.17-a0-896-g249456b (webtiles) character file.

46 oplop the Chiller (level 3, -4/24 HPs)
             Began as an Octopode Ice Elementalist on May 1, 2015.
             Killed from afar by Natasha (8 damage)
             ... with a magic dart
             ... on level 2 of the Dungeon on May 2, 2015.
             The game lasted 00:03:00 (1647 turns).

oplop the Chiller (Octopode Ice Elementalist)       Turns: 1647, Time: 00:03:00

Health: -4/24      AC:  1    Str:  7    XL:     3   Next: 68%
Magic:  4/6        EV: 12    Int: 18    God:
Gold:   125        SH:  0    Dex: 12    Spells: 2 memorised, 3 levels left

rFire  . . .     SeeInvis .     g - +1 dagger (venom)
rCold  . . .     Clarity  .     (no shield)
rNeg   . . .     SustAb   .     (helmet restricted)
rPois  +         Gourm    .     (no amulet)
rElec  .         Spirit   .     c - ring of poison resistance
rCorr  .         Warding  .     f - ring of teleportation (curse)
rMut   .         Rnd*Tele +     (no ring)
MR     .....                    (no ring)
Stlth  +++.......               (no ring)
                                (no ring)
                                (no ring)
                                (no ring)

@: not resistant to hostile enchantments, fairly stealthy
A: almost no armour, amphibious, 8 rings, constrict 8, camouflage 1, gelatinous
body 1
a: Evoke Teleportation


You were on level 2 of the Dungeon.
You were not hungry.

You visited 1 branch of the dungeon, and saw 2 of its levels.

You collected 125 gold pieces.

Inventory:

Hand weapons
 g - a +1 dagger of venom (weapon)
Jewellery
 c - a ring of poison resistance (left tentacle)
 e - an uncursed amulet of warding {unknown}
 f - a cursed ring of teleportation (right tentacle)
 i - a cursed ring of loudness {unknown}
Scrolls
 h - a scroll of teleportation {unknown}
 j - a scroll of magic mapping {unknown}
 k - a scroll of identify {unknown}
 l - a scroll of random uselessness {unknown}
 n - a scroll of immolation {unknown}
Potions
 o - a potion of invisibility {unknown}
Books
 a - a book of Frost

   Spells                             Type                      Level
   a - Freeze                         Ice                          1
   b - Throw Frost                    Conjuration/Ice              2
   c - Ozocubu's Armour               Charms/Ice                   3
   d - Throw Icicle                   Conjuration/Ice              4
   e - Summon Ice Beast               Ice/Summoning                4
   f - Condensation Shield            Ice                          4
Comestibles
 b - a bread ration
 d - a royal jelly
 m - a beef jerky


   Skills:
 + Level 2.0 Fighting
 - Level 2.0 Dodging
 - Level 2.6 Stealth
 + Level 2.5 Spellcasting
   Level 1.0 Conjurations
 + Level 3.4 Ice Magic


You had 3 spell levels left.
You knew the following spells:

 Your Spells              Type           Power        Failure   Level  Hunger
a - Freeze                Ice            ##..         4%          1    #......
b - Ozocubu's Armour      Chrm/Ice       #.......     30%         3    ###....


Dungeon Overview and Level Annotations

Branches:
Dungeon (2/15)

Altars:

Annotations:
D:2 Natasha


Innate Abilities, Weirdness & Mutations

You cannot wear most types of armour.
You are amphibious.
You can wear up to eight rings at the same time.
You can use your tentacles to constrict eight enemies at once.
Your skin changes colour to match your surroundings (Stealth).
Your rubbery body absorbs attacks (AC +1).


Message History

Aiming: Freeze
Press: ? - help, Shift-Dir - straight line, f - Natasha
Aim: Natasha, carrying a wand of slowing {zapped: 1} You freeze Natasha.
Natasha is heavily wounded.
Natasha casts a spell at you. The magic dart hits you!
* * * LOW HITPOINT WARNING * * *
The crimson imp blinks!
Casting: Freeze
Confirm with . or Enter, or press ? or * to list all spells.
Aiming: Freeze
Press: ? - help, Shift-Dir - straight line, f/p - Natasha
Aim: Natasha, carrying a wand of slowing {zapped: 1} (heavily wounded)
You freeze Natasha.
Natasha is severely wounded.
Natasha hisses.
Natasha casts a spell at you. The magic dart hits you!
You die...

... #..........# #....
.....####..........# #....
...............##### #....
####...........# #....
#...........# #....
#...........# #######...#
.#...........# #..........
.........h§...###.######...
.........#@....# #...
r.rh..####.5...## ####
...$. +......# .. #..)...#
+......# #......# #......#
#......# +......#


You could see Natasha and a crimson imp.

Vanquished Creatures
  An ooze (D:1)
  A giant gecko (D:2)
  5 giant cockroaches
  5 goblins (D:1)
  7 hobgoblins
  3 jackals (D:1)
  3 quokkas (D:2)
  3 bats
  4 kobolds
  2 rats (D:1)
34 creatures vanquished.

Notes
Turn   | Place    | Note
--------------------------------------------------------------
     0 | D:1      | oplop, the Octopode Ice Elementalist, began the quest for the Orb.
     0 | D:1      | Reached XP level 1. HP: 11/11 MP: 3/3
   336 | D:1      | Reached skill level 1 in Fighting
   342 | D:1      | Reached XP level 2. HP: 9/18 MP: 1/5
  1189 | D:1      | Reached XP level 3. HP: 20/24 MP: 2/6
  1430 | D:2      | Learned a level 3 spell: Ozocubu's Armour
  1637 | D:2      | Noticed Natasha
  1647 | D:2      | Killed from afar by Natasha

Action                   || total
-------------------------++-------
Melee: Unarmed           ||    30
       Dagger            ||    48
 Cast: Freeze            ||    10
  Use: Potion            ||     1
 Stab: Sleeping          ||     2
  Eat: Chunk             ||     2
